 Dungeon Crawl Stone Soup version 0.26-a0-598-g61e6210cf4 (webtiles) character file.

Game seed: 5298474324513287067

5809 Murumi the Blocker (level 11, -1/89 HPs)
             Began as a Formicid Fighter on Aug 28, 2020.
             Was an Elder of Okawaru.
             Slain by Jorgrun
             ... wielding a +0 vorpal quarterstaff
              (5 damage)
             ... on level 12 of the Dungeon.
             The game lasted 00:33:56 (9708 turns).

Murumi the Blocker (Formicid Fighter)               Turns: 9708, Time: 00:33:57

Health: -1/89      AC: 20    Str: 22    XL:     11   Next: 7%
Magic:  22/23      EV:  8    Int: 12    God:    Okawaru [****..]
Gold:   324        SH: 13    Dex: 11    Spells: 10/10 levels left

rFire    . . .     SeeInvis +   a - +2 long sword
rCold    . . .     Faith    .   c - +0 kite shield
rNeg     . . .     Spirit   .   u - +0 plate armour
rPois    +         Reflect  .   (helmet unavailable)
rElec    .         Harm     .   p - +0 cloak
rCorr    .                      (no gloves)
MR       +....                  C - +0 pair of boots
Stlth    ..........             l - amulet of the acrobat
HPRegen  0.24/turn              j - ring of poison resistance
MPRegen  0.18/turn              v - ring of the Octopus King {MP+9 AC+1 EV+1 Str+1 Int+1 Dex+1}

@: mighty, heroism, grasped by roots, constricted, invisible
A: permanent stasis, dig shafts and tunnels, four strong arms, antennae 3
a: Dig, Shaft Self, Heroism, Renounce Religion


You were on level 12 of the Dungeon.
You worshipped Okawaru.
Okawaru was greatly pleased with you.
You visited 2 branches of the dungeon, and saw 11 of its levels.

You collected 506 gold pieces.
You spent 182 gold pieces at shops.

Inventory:

Hand Weapons
 a - a +2 long sword (weapon)
 q - the +11 dagger of Destruction {holy, rC+ Str-5 Dex+3}
   (You found it on level 4 of the Dungeon)

   It has been blessed by the Shining One to cause great damage to the undead
   and demons.
   It affects your strength (-5).
   It affects your dexterity (+3).
   It protects you from cold.
Missiles
 m - 82 bolts
Armour
 c - a +0 kite shield (worn)
 p - a +0 cloak (worn)
 u - a +0 plate armour (worn)
 C - a +0 pair of boots (worn)
Jewellery
 h - an uncursed ring of protection from cold
 j - a ring of poison resistance (left hand)
 l - an amulet of the acrobat (around neck)
 o - an uncursed ring of positive energy
 r - an uncursed ring of protection from fire
 v - a ring of the Octopus King (right hand) {MP+9 AC+1 EV+1 Str+1 Int+1 Dex+1}
   (You found it on level 6 of the Dungeon)

   [ring of magical power]

   It affects your AC (+1).
   It affects your evasion (+1).
   It affects your strength (+1).
   It affects your intelligence (+1).
   It affects your dexterity (+1).
   It affects your magic capacity (+9).
 F - an uncursed amulet of regeneration {unknown}
Wands
 t - a wand of acid (17)
 B - a wand of flame (10)
 D - a wand of disintegration (10)
 E - a wand of enslavement (19)
Scrolls
 w - 3 scrolls of magic mapping
 y - 3 scrolls of remove curse
 A - a scroll of fog
Potions
 d - a potion of might
 e - 4 potions of curing
 f - 2 potions of mutation
 g - 3 potions of heal wounds
 i - a potion of magic {unknown}
 k - 3 potions of brilliance {unknown}
 n - a potion of haste {unknown}
 s - 2 potions of lignification {unknown}
 x - 3 potions of stabbing {unknown}
 z - a potion of resistance {unknown}


   Skills:
 - Level 9.0(14.0) Fighting
 - Level 7.0(12.0) Long Blades
 - Level 9.0(14.0) Armour
 - Level 3.0(8.0) Dodging
 + Level 9.0(14.0) Shields
 - Level 5.0 Invocations
 - Level 4.0 Evocations


You had 10 spell levels left.
You didn't know any spells.
Your spell library contained the following spells:

 Spells                   Type           Power        Failure   Level
 Animate Skeleton         Necr           #.....       97%         1
 Pain                     Necr           #...         97%         1
 Confusing Touch          Hex            #.......     100%        3
 Gell's Gravitas          Tloc           #.........   100%        3
 Vampiric Draining        Necr           #.........   100%        3
 Animate Dead             Necr           #.........   100%        4
 Petrify                  Tmut/Erth      #.......     100%        4
 Agony                    Necr           #.......     100%        5
 Metabolic Englaciation   Hex/Ice        #.........   100%        5
 Yara's Violent Unravell  Hex/Tmut       #.........   100%        5


Dungeon Overview and Level Annotations

Branches:
Dungeon (9/15)             Temple (1/1) D:4             Orc (0/2) D:9
   Lair: D:8-11

Altars:
Ashenzari
Cheibriados
Dithmenos
Elyvilon
Fedhas
Gozag
Hepliaklqana
Kikubaaqudgha
Makhleb
Nemelex Xobeh
Okawaru
Qazlal
Ru
Sif Muna
Trog
Uskayaw
Vehumet
Wu Jian
Xom
Yredelemnul
Zin
The Shining One

Shops:
D:6 :?}   D:9 [

Annotations:
D:12 Jorgrun


Innate Abilities, Weirdness & Mutations

You cannot be hasted, slowed, berserked, paralysed or teleported.
You can dig through walls and to a lower floor.
Your four strong arms can wield two-handed weapons with a shield.
You have a pair of large antennae on your head. (SInv)


Message History

The grasping roots constrict you!
You barely miss Jorgrun.
Jorgrun is lightly wounded.
You slash Jorgrun!
Jorgrun is lightly wounded.
You block Jorgrun's attack. The grasping roots constrict you.
You closely miss Jorgrun.
Jorgrun is lightly wounded.
A worker ant comes into view.
You block Jorgrun's attack. The grasping roots constrict you.
The worker ant twitches its antennae in your direction.
You hit Jorgrun.
Jorgrun is lightly wounded.
Jorgrun hits you with a +0 vorpal quarterstaff!
* * * LOW HITPOINT WARNING * * *
The grasping roots constrict you!
You fade into invisibility!
Jorgrun hits you with a +0 vorpal quarterstaff.
* * * LOW HITPOINT WARNING * * *
x2 You die...

#...?........
#...........
#..a.......
##.........##
#...........##
#............##
#.....>.......#
#........@g...#
#.......####...#
#......## ...
#.# ##.....## .
#.. #......# #..
#.....## ...#
#....##
....###....#
#...#....##


You could see Jorgrun and a worker ant.

Vanquished Creatures
  Pikel (D:6)
  The ghost of Tinttamiau the Changer, a novice OpTm of Nemelex Xobeh (D:8)
  Maurice (D:9)
  A hippogriff (D:8)
  Sigmund (D:2)
  Grum (D:8)
  Menkaure (D:6)
  3 orc warriors
  A swamp drake (D:9)
  3 ice beasts
  2 centaurs
  5 ogres
  3 wolves (D:8)
  A crocodile (D:7)
  A wyvern zombie (D:9)
  4 bullfrogs
  2 scorpions (D:4)
  A water moccasin skeleton (D:5)
  10 killer bees
  A howler monkey (D:5)
  A bullfrog zombie (D:7)
  A centaur zombie (D:6)
  3 hounds
  4 jellies
  A gnoll shaman (D:5)
  A bullfrog skeleton (D:7)
  7 orc priests
  A centaur skeleton (D:5)
  8 orc wizards
  3 iguanas
  7 worker ants
  A hound zombie (D:9)
  A worker ant zombie (D:7)
  10 gnolls
  10 adders
  A shadow imp (D:9)
  6 white imps
  An ufetubus (D:9)
  An adder skeleton (D:6)
  3 worms
  3 dart slugs
  5 leopard geckos
  40 orcs
  4 giant cockroaches
  6 goblins
  6 hobgoblins
  8 jackals
  6 quokkas
  A ball python (D:4)
  5 bats
  8 frilled lizards
  A jackal simulacrum (D:8)
  2 jackal skeletons
  3 kobolds
  A quokka simulacrum (D:8)
  A quokka skeleton (D:8)
  10 rats
225 creatures vanquished.

Notes
Turn   | Place    | Note
-------+----------+-------------------------------------------
     0 | D:1      | Murumi the Formicid Fighter began the quest for the Orb.
     0 | D:1      | Reached XP level 1. HP: 18/18 MP: 1/1
   135 | D:1      | Reached skill level 1 in Dodging
   137 | D:1      | Reached XP level 2. HP: 24/24 MP: 2/2
   271 | D:1      | Reached XP level 3. HP: 21/29 MP: 3/3
  1147 | D:1      | Reached XP level 4. HP: 37/37 MP: 4/4
  1212 | D:2      | Noticed Sigmund
  1220 | D:2      | Killed Sigmund
  1220 | D:2      | Reached skill level 5 in Shields
  1220 | D:2      | Reached XP level 5. HP: 35/42 MP: 5/5
  1220 | D:2      | Reached XP level 6. HP: 40/48 MP: 6/6
  1355 | D:2      | Found a shimmering blue altar of Sif Muna.
  1805 | D:2      | Found a shattered altar of Ashenzari.
  2082 | D:2      | Found a shimmering altar of Xom.
  2083 | D:2      | Found a shimmering altar of Xom.
  2111 | D:2      | Found a shimmering altar of Xom.
  2111 | D:2      | Found a shimmering altar of Xom.
  2111 | D:2      | Found a shimmering altar of Xom.
  2121 | D:2      | Found a shimmering altar of Xom.
  2161 | D:2      | Found an ornate altar of the Wu Jian Council.
  2357 | D:3      | Reached skill level 5 in Fighting
  2789 | D:3      | Found an opulent altar of Gozag.
  2802 | D:3      | Reached XP level 7. HP: 50/56 MP: 7/7
  3164 | D:3      | Found a stormy altar of Qazlal.
  3270 | D:3      | Reached skill level 5 in Armour
  3637 | D:4      | Found a staircase to the Ecumenical Temple.
  3651 | Temple   | Entered the Ecumenical Temple
  3748 | Temple   | Became a worshipper of Warmaster Okawaru
  3832 | D:4      | Reached skill level 1 in Invocations
  4016 | D:4      | Got a brightly glowing dagger
  4481 | D:5      | Entered Level 5 of the Dungeon
  4492 | D:5      | Reached XP level 8. HP: 62/62 MP: 10/10
  5072 | D:5      | Reached * piety under Okawaru
  5116 | D:5      | Reached skill level 5 in Long Blades
  5264 | D:5      | Identified the +11 dagger of Destruction {holy, rC+ Str-5
                  | Dex+3} (You found it on level 4 of the Dungeon)
  5295 | D:5      | Found an ancient bone altar of Kikubaaqudgha.
  5575 | D:6      | Noticed Menkaure
  5622 | D:6      | Killed Menkaure
  5622 | D:6      | Reached XP level 9. HP: 48/69 MP: 10/12
  5804 | D:6      | Reached ** piety under Okawaru
  6097 | D:6      | Found a glowing silver altar of Zin.
  6182 | D:6      | Found Biseemor's Magic Scroll Emporium.
  6185 | D:6      | Bought a scroll of identify for 28 gold pieces
  6185 | D:6      | Bought a scroll of enchant weapon for 105 gold pieces
  6185 | D:6      | Bought a scroll of magic mapping for 49 gold pieces
  6563 | D:6      | Found Suig's Gadget Emporium.
  6689 | D:6      | Found Risyije's Book Boutique.
  6743 | D:6      | Found the ring of the Octopus King
  6747 | D:6      | Got a ring of the Octopus King
  6749 | D:6      | Identified a ring of the Octopus King {MP+9 AC+1 EV+1 Str+1
                  | Int+1 Dex+1} (You found it on level 6 of the Dungeon)
  6804 | D:6      | Noticed Pikel
  6830 | D:6      | Killed Pikel
  6976 | D:6      | Found a bloodstained altar of Trog.
  7148 | D:7      | Found a sparkling altar of Nemelex Xobeh.
  7299 | D:7      | Reached skill level 1 in Evocations
  7556 | D:7      | Reached *** piety under Okawaru
  7820 | D:7      | Found a radiant altar of Vehumet.
  7830 | D:7      | Reached XP level 10. HP: 72/79 MP: 13/13
  8026 | D:8      | Found a runed translucent gate.
  8026 | D:8      | Found a runed translucent gate.
  8026 | D:8      | Found a runed translucent gate.
  8097 | D:8      | Noticed Grum
  8131 | D:8      | Killed Grum
  8619 | D:8      | Noticed Tinttamiau's ghost (novice OpTm)
  8701 | D:8      | Killed Tinttamiau's ghost
  8701 | D:8      | Reached **** piety under Okawaru
  8701 | D:8      | Reached skill level 5 in Invocations
  8938 | D:9      | Found Laesufeu's Antique Armour Emporium.
  9129 | D:9      | Noticed Maurice
  9137 | D:9      | Killed Maurice
  9329 | D:9      | Reached XP level 11. HP: 89/89 MP: 14/14
  9377 | D:9      | Found a staircase to the Orcish Mines.
  9539 | D:9      | You fall into a shaft and drop 3 floors!
  9697 | D:12     | Noticed Jorgrun
  9708 | D:12     | HP: 4/89 [Jorgrun/+0 vorpal quarterstaff (1)]
  9708 | D:12     | Slain by Jorgrun

Illustrated notes

Levels and vault maps discovered:
D:1:      minmay_arrival_open_corners, layout_loops_ring
D:2:      layout_basic, nicolae_overflow_hidden_temple, lemuel_doored_altar,
          led_sif_pool, xom_redecorated, minmay_misc_feat_roman, uniq_sigmund
D:3:      layout_loops_corners, grunt_gozag_statues, lemuel_round_altar
D:4:      layout_loops_ring, minmay_temple_entry_offerings
D:5:      layout_cave_pools, old_standard_altar, lightli_corner_chamber
D:6:      layout_rooms, zin_academy, bloody_trog, serial_shops, shop, shop,
          kennysheep_mini, uniq_menkaure, uniq_pikel
D:7:      layout_cave_pools, vehumet_altar_wand_db,
          nemelex_xobeh_ov_fountains_minmay
D:8:      layout_rooms, gammafunk_ghost_icy, serial_curves, eino_curves_03,
          eino_curves_01, uniq_grum
D:9:      layout_loops_ring, erik_orc_1, serial_shops, nicolae_shop_waterfront,
          hangedman_abyss_or_decor_passed, hangedman_fish_farm, uniq_maurice
D:12:     layout_cave_pods, gammafunk_ghost_icy, basic_altar, uniq_nergalle,
          uniq_jorgrun
Temple:   nicolae_temple_hex_pool

Skill      XL: |  1  2  3  4  5  6  7  8  9 10 11 |
---------------+----------------------------------+-----
Dodging        | 1 2 3 |  3.0
Shields        | 4 5 6 7 9 |  9.0
Long Blades    | 3 4 5 6 7 |  7.0
Fighting       | 4 5 6 7 9 |  9.0
Armour         | 4 5 6 7 8 9 |  9.0
Invocations    | 3 4 5 |  5.0
Evocations     | 2 4 |  4.0

Action                   |  1- 3 |  4- 6 |  7- 9 | 10-12 || total
-------------------------+-------+-------+-------+-------++-------
Melee: Long sword        |   111 |   168 |   419 |   300 ||   998
Invok: Heroism           |       |       |     4 |     5 ||     9
 Abil: Dig               |       |     3 |     5 |     3 ||    11
Evoke: Wand              |       |       |       |     1 ||     1
  Use: Potion            |       |     1 |       |     2 ||     3
       Scroll            |       |     2 |    16 |     1 ||    19
Armor: Scale mail        |    42 |    44 |       |       ||    86
       Chain mail        |       |       |    97 |       ||    97
       Plate armour      |       |       |    38 |   112 ||   150
Dodge: Dodged            |    40 |    40 |   106 |   102 ||   288
Block: Kite shield       |    49 |    73 |   190 |   165 ||   477
       Rpst.: Long sword |    17 |    12 |    47 |    31 ||   107

Table legend: (Time is in decaauts)
 A = Elapsed time spent in this place.
 B = Non-inter-level travel time spent in this place.
 C = Inter-level travel time spent in this place.
 D = Time resting spent in this place.
 E = Time spent auto-exploring this place.
 F = Levels seen in this place.
 G = Mean time per level.
                   A        B        C        D        E       F      G
               +--------+--------+--------+--------+--------+-----+--------+
         Total |   9866 |   9226 |    640 |    313 |   6828 |  11 |  896.9 |
       Dungeon |   9747 |   9149 |    598 |    313 |   6753 |  10 |  974.7 |
        Temple |    118 |     76 |     42 |      0 |     75 |   1 |  118.0 |
               +--------+--------+--------+--------+--------+-----+--------+

Top non-repeatable levels by time:
     D:6: 1436 daAuts
     D:2: 1371 daAuts
     D:1: 1230 daAuts
     D:5: 1224 daAuts
     D:3: 988 daAuts
     D:8: 945 daAuts
     D:4: 915 daAuts
     D:7: 832 daAuts
     D:9: 635 daAuts
    D:12: 167 daAuts
  Temple: 118 daAuts
